BSA
SO CAL HENVY @ LOS CABOS CARTEL
07/27/2026
 
TOP OF THE 1ST
So Cal Henvy batting - Pitching for Los Cabos Cartel : RHP Marty Burgess
Pitching: RHP Marty Burgess
Batting: SHB Miguel González 0-0: Ball
1-0: Called Strike
1-1: Called Strike
Reached via error on a dropped throw, E1
Batting: LHB John Peterson 0-0: Ball
1-0: Swinging Strike
1-1: Called Strike
1-2: Strikes out swinging
Batting: RHB Rubén Calderón 0-0: Called Strike
0-1: Swinging Strike
0-2: Ball
1-2: Strikes out swinging
Batting: LHB José Antonio Santiago 0-0: Called Strike
0-1: Ball
1-1: SINGLE (Flyball, 78S)
Miguel González to second
Batting: SHB Ray Burgess 0-0: Swinging Strike
0-1: Foul Ball, location: 2F
0-2: Ball
1-2: Ball
2-2: Foul Ball, location: 2F
2-2: DOUBLE (Flyball, 78D)
Miguel González scores
José Antonio Santiago to third
Runner from 3rd tries for Home, SAFE, no throw or cutoff
Batting: RHB Morgan Gibbon 0-0: Ball
1-0: Called Strike
1-1: Called Strike
1-2: Ground out 6-3 (Groundball, 6M)
Top of the 1st over - 2 run(s), 2 hit(s), 1 error(s), 1 left on base; So Cal 2 - Los Cabos 0
BOTTOM OF THE 1ST
Los Cabos Cartel batting - Pitching for So Cal Henvy : RHP Alejandro Méndez
Pitching: RHP Alejandro Méndez
Batting: LHB Willie Wallace 0-0: Ground out 4-3 (Groundball, 34)
Batting: SHB Julián Madrid 0-0: Called Strike
0-1: Foul Ball, location: 2F
0-2: Ball
1-2: Foul Ball, location: 2F
1-2: Fly out, F7 (Flyball, 7D)
Batting: LHB Luis González 0-0: Foul Ball, location: 2F
0-1: Ground out 4-3 (Groundball, 34)
Bottom of the 1st over - 0 run(s), 0 hit(s), 0 error(s), 0 left on base; So Cal 2 - Los Cabos 0
TOP OF THE 2ND
So Cal Henvy batting - Pitching for Los Cabos Cartel : RHP Marty Burgess
Batting: LHB Leo Wyeth 0-0: Called Strike
0-1: SOLO HOME RUN (Flyball, 89XD), Distance : 400 ft
Batting: SHB Derek Roach 0-0: SINGLE (Line Drive, 34)
Batting: RHB Gregg Nelson 0-0: Swinging Strike
0-1: Ball
1-1: Grounds into double play, 5-4-3 (Groundball, 56)
Batting: SHB Miguel González 0-0: Foul Ball, location: 2F
0-1: Ball
1-1: Ball
2-1: Foul Ball, location: 2F
2-2: Foul Ball, location: 2F
2-2: Ball
3-2: Fly out, F7 (Popup, 6)
Top of the 2nd over - 1 run(s), 2 hit(s), 0 error(s), 0 left on base; So Cal 3 - Los Cabos 0
BOTTOM OF THE 2ND
Los Cabos Cartel batting - Pitching for So Cal Henvy : RHP Alejandro Méndez
Batting: LHB Miguel Rivería 0-0: Swinging Strike
0-1: DOUBLE (Line Drive, 9LS)
Batting: RHB Stephen Wilson 0-0: Ball
1-0: Ball
2-0: Foul Ball, location: 2F
2-1: Ball
3-1: Foul Ball, location: 2F
3-2: Base on Balls
Batting: RHB Víctor Solano 0-0: Swinging Strike
0-1: Foul Ball, location: 2F
0-2: Ball
1-2: Strikes out swinging
Batting: RHB John Pick 0-0: Foul Ball, location: 2F
0-1: Ball
1-1: Swinging Strike
1-2: Strikes out looking
Batting: RHB António Magana 0-0: Ball
1-0: Ground out 6-3 (Groundball, 6)
Bottom of the 2nd over - 0 run(s), 1 hit(s), 0 error(s), 2 left on base; So Cal 3 - Los Cabos 0
TOP OF THE 3RD
So Cal Henvy batting - Pitching for Los Cabos Cartel : RHP Marty Burgess
Batting: LHB John Peterson 0-0: Called Strike
0-1: Ball
1-1: Ball
2-1: Ball
3-1: Base on Balls
Batting: RHB Rubén Calderón 0-0: Ball
1-0: Called Strike
1-1: Grounds into double play, 4-6-3 (Groundball, 34)
Batting: LHB José Antonio Santiago 0-0: Called Strike
0-1: Called Strike
0-2: Foul Ball, location: 2F
0-2: Ball
1-2: Strikes out swinging, 2-3 out at first.
Top of the 3rd over - 0 run(s), 0 hit(s), 0 error(s), 0 left on base; So Cal 3 - Los Cabos 0
BOTTOM OF THE 3RD
Los Cabos Cartel batting - Pitching for So Cal Henvy : RHP Alejandro Méndez
Batting: RHB Ángel Garza 0-0: Called Strike
0-1: Foul Ball, location: 2F
0-2: Strikes out swinging
Batting: LHB Willie Wallace 0-0: Ball
1-0: Ball
2-0: Ball
3-0: Called Strike
3-1: Base on Balls
Batting: SHB Julián Madrid 0-0: Ball
1-0: Called Strike
1-1: Ball
2-1: Ball
3-1: Swinging Strike
3-2: Fly out, F8 (Flyball, 8RXD)
Batting: LHB Luis González 0-0: Called Strike
0-1: Called Strike
Willie Wallace steals 2nd base
0-2: Ball
1-2: Ground out 3-1 (Groundball, 34S)
Bottom of the 3rd over - 0 run(s), 0 hit(s), 0 error(s), 1 left on base; So Cal 3 - Los Cabos 0
TOP OF THE 4TH
So Cal Henvy batting - Pitching for Los Cabos Cartel : RHP Marty Burgess
Batting: SHB Ray Burgess 0-0: Fly out, F5 (Popup, 5SF)
Batting: RHB Morgan Gibbon 0-0: Called Strike
0-1: Ground out 4-3 (Groundball, 4)
Batting: LHB Leo Wyeth 0-0: Ball
1-0: Foul Ball, location: 2F
1-1: Called Strike
1-2: SOLO HOME RUN (Flyball, 9D), Distance : 401 ft
Batting: SHB Derek Roach 0-0: Swinging Strike
0-1: Ball
1-1: Foul Ball, location: 2F
1-2: Ball
2-2: Strikes out swinging
Top of the 4th over - 1 run(s), 1 hit(s), 0 error(s), 0 left on base; So Cal 4 - Los Cabos 0
BOTTOM OF THE 4TH
Los Cabos Cartel batting - Pitching for So Cal Henvy : RHP Alejandro Méndez
Batting: LHB Miguel Rivería 0-0: Called Strike
0-1: Ball
1-1: Ball
2-1: Called Strike
2-2: Ball
3-2: Strikes out swinging
Batting: RHB Stephen Wilson 0-0: Swinging Strike
0-1: Swinging Strike
0-2: Ball
1-2: Fly out, F8 (Flyball, 89S)
Batting: RHB Víctor Solano 0-0: Ball
1-0: Ground out 6-3 (Groundball, 6M)
Bottom of the 4th over - 0 run(s), 0 hit(s), 0 error(s), 0 left on base; So Cal 4 - Los Cabos 0
TOP OF THE 5TH
So Cal Henvy batting - Pitching for Los Cabos Cartel : RHP Marty Burgess
Batting: RHB Gregg Nelson 0-0: Called Strike
0-1: Swinging Strike
0-2: Ball
1-2: Ball
2-2: Ball
3-2: Base on Balls
Batting: SHB Miguel González 0-0: Swinging Strike
0-1: Ball
1-1: Foul Ball, location: 2F
1-2: Ball
2-2: Ball
3-2: Fielders Choice at 2nd, 6-4 (Groundball, 6MD)
Batting: LHB John Peterson 0-0: Ball
1-0: SINGLE (Groundball, 34D)
Miguel González to second
Miguel González to third
Batting: RHB Rubén Calderón 0-0: Called Strike
0-1: Swinging Strike
0-2: Ball
1-2: Strikes out swinging
Batting: LHB José Antonio Santiago 0-0: Called Strike
0-1: Ball
1-1: Ball
2-1: Fly out, F7 (Flyball, 7S)
Top of the 5th over - 0 run(s), 1 hit(s), 0 error(s), 2 left on base; So Cal 4 - Los Cabos 0
BOTTOM OF THE 5TH
Los Cabos Cartel batting - Pitching for So Cal Henvy : RHP Alejandro Méndez
Batting: RHB John Pick 0-0: Called Strike
0-1: Ball
1-1: Called Strike
1-2: Ball
2-2: Strikes out looking
Batting: RHB António Magana 0-0: Foul Ball, location: 2F
0-1: Ball
1-1: Foul Ball, location: 2F
1-2: Strikes out swinging
Batting: RHB Ángel Garza 0-0: SINGLE (Groundball, 56)
Batting: LHB Willie Wallace 0-0: Ball
1-0: DOUBLE (Line Drive, 78D)
Ángel Garza to third
Batting: SHB Julián Madrid 0-0: Foul Ball, location: 2F
0-1: Ball
1-1: Called Strike
1-2: Ball
2-2: Ball
3-2: Fly out, F9 (Flyball, 9D)
Bottom of the 5th over - 0 run(s), 2 hit(s), 0 error(s), 2 left on base; So Cal 4 - Los Cabos 0
TOP OF THE 6TH
So Cal Henvy batting - Pitching for Los Cabos Cartel : RHP Marty Burgess
Batting: SHB Ray Burgess 0-0: Foul Ball, location: 2F
0-1: Ball
1-1: Ground out 4-3 (Groundball, 4)
Batting: RHB Morgan Gibbon 0-0: Called Strike
0-1: Ball
1-1: Ball
2-1: Ball
3-1: Fly out, F9 (Flyball, 89M)
Batting: LHB Leo Wyeth 0-0: Foul Ball, location: 2F
0-1: Ball
1-1: Swinging Strike
1-2: Ground out 5-3 (Groundball, 56)
Top of the 6th over - 0 run(s), 0 hit(s), 0 error(s), 0 left on base; So Cal 4 - Los Cabos 0
BOTTOM OF THE 6TH
Los Cabos Cartel batting - Pitching for So Cal Henvy : RHP Alejandro Méndez
Batting: LHB Luis González 0-0: Swinging Strike
0-1: Ball
1-1: Ground out 1-3 (Groundball, 15S)
Batting: LHB Miguel Rivería 0-0: Fly out, F8 (Flyball, 8LXD)
Batting: RHB Stephen Wilson 0-0: Foul Ball, location: 2F
0-1: Ball
1-1: Foul Ball, location: 2F
1-2: Ball
2-2: Fly out, F8 (Line Drive, 8LD)
Bottom of the 6th over - 0 run(s), 0 hit(s), 0 error(s), 0 left on base; So Cal 4 - Los Cabos 0
TOP OF THE 7TH
So Cal Henvy batting - Pitching for Los Cabos Cartel : RHP Marty Burgess
Pitching: LHP Jung-keun Yi
Batting: SHB Derek Roach 0-0: Ball
1-0: Ball
2-0: Called Strike
2-1: Ball
3-1: Foul Ball, location: 2F
3-2: Strikes out swinging
Batting: RHB Gregg Nelson 0-0: Ball
1-0: Ball
2-0: Ball
3-0: Base on Balls
Batting: SHB Miguel González 0-0: Fly out, F4 (Popup, 3F)
Batting: LHB John Peterson 0-0: Called Strike
0-1: Swinging Strike
0-2: Ball
1-2: Foul Ball, location: 2F
1-2: Strikes out swinging
Top of the 7th over - 0 run(s), 0 hit(s), 0 error(s), 1 left on base; So Cal 4 - Los Cabos 0
BOTTOM OF THE 7TH
Los Cabos Cartel batting - Pitching for So Cal Henvy : RHP Alejandro Méndez
Batting: RHB Víctor Solano 0-0: Ball
1-0: Foul Ball, location: 2F
1-1: Foul Ball, location: 2F
1-2: Fly out, F9 (Popup, 9LS)
Batting: RHB John Pick 0-0: Ball
1-0: Swinging Strike
1-1: Ground out 6-3 (Groundball, 6)
Batting: RHB António Magana 0-0: Ball
1-0: DOUBLE (Line Drive, 89XD)
Batting: RHB Ángel Garza 0-0: Ball
1-0: Ball
2-0: Swinging Strike
2-1: 2-RUN HOME RUN (Flyball, 78XD), Distance : 423 ft
Batting: LHB Willie Wallace 0-0: Ground out 1-3 (Groundball, 13S)
Bottom of the 7th over - 2 run(s), 2 hit(s), 0 error(s), 0 left on base; So Cal 4 - Los Cabos 2
TOP OF THE 8TH
So Cal Henvy batting - Pitching for Los Cabos Cartel : LHP Jung-keun Yi
Batting: RHB Rubén Calderón 0-0: Ball
1-0: Ball
2-0: Ball
3-0: Foul Ball, location: 2F
3-1: Ground out 6-3 (Groundball, 6)
Pitching: LHP António Martínez
Batting: LHB José Antonio Santiago 0-0: Foul Ball, location: 2F
0-1: Ground out 3-1 (Groundball, 3)
Batting: SHB Ray Burgess 0-0: Fly out, F8 (Flyball, 8RM)
Top of the 8th over - 0 run(s), 0 hit(s), 0 error(s), 0 left on base; So Cal 4 - Los Cabos 2
BOTTOM OF THE 8TH
Los Cabos Cartel batting - Pitching for So Cal Henvy : RHP Alejandro Méndez
Batting: SHB Julián Madrid 0-0: Swinging Strike
0-1: Fly out, F7 (Flyball, 7M)
Batting: LHB Luis González 0-0: Ball
1-0: Called Strike
1-1: Foul Ball, location: 2F
1-2: Ball
2-2: Fly out, F6 (Popup, 56D)
Batting: LHB Miguel Rivería 0-0: Ground out 3-1 (Groundball, 3)
Bottom of the 8th over - 0 run(s), 0 hit(s), 0 error(s), 0 left on base; So Cal 4 - Los Cabos 2
TOP OF THE 9TH
So Cal Henvy batting - Pitching for Los Cabos Cartel : LHP António Martínez
Batting: RHB Morgan Gibbon 0-0: Foul Ball, location: 2F
0-1: Ball
1-1: Ball
2-1: Foul Ball, location: 2F
2-2: Ground out 4-3 (Groundball, 4M)
Batting: LHB Leo Wyeth 0-0: Ball
1-0: Foul Ball, location: 2F
1-1: Ground out 6-3 (Groundball, 6M)
Batting: SHB Derek Roach 0-0: Swinging Strike
0-1: Called Strike
0-2: Strikes out looking
Top of the 9th over - 0 run(s), 0 hit(s), 0 error(s), 0 left on base; So Cal 4 - Los Cabos 2
BOTTOM OF THE 9TH
Los Cabos Cartel batting - Pitching for So Cal Henvy : RHP Alejandro Méndez
Pitching: RHP Juan Flores
Batting: RHB Stephen Wilson 0-0: Ball
1-0: Ball
2-0: Foul Ball, location: 2F
2-1: Foul Ball, location: 2F
2-2: Foul Ball, location: 2F
2-2: Ball
3-2: SINGLE (Groundball, 4MD) (infield hit)
Pinch Hitting: LHB Manny Quiñones 0-0: Called Strike
0-1: Ball
1-1: Ball
2-1: DOUBLE (Flyball, 8RXD)
Stephen Wilson to third
Pinch Hitting: RHB Wilbert Rodgers 0-0: Ball
1-0: Ground out 1-3 (Groundball, 13S)
Batting: RHB António Magana 0-0: Called Strike
0-1: Swinging Strike
0-2: Ball
1-2: Foul Ball, location: 2F
1-2: SINGLE (Groundball, 4M) (infield hit)
Stephen Wilson scores
Manny Quiñones to third
Batting: RHB Ángel Garza 0-0: Called Strike
0-1: Ball
1-1: Ball
2-1: Foul Ball, location: 2F
2-2: Ball
3-2: Ground out 5-3 (Groundball, 56S)
António Magana to second
Batting: LHB Willie Wallace 0-0: Ball
1-0: Swinging Strike
1-1: Called Strike
1-2: Strikes out swinging
Bottom of the 9th over - 1 run(s), 3 hit(s), 0 error(s), 2 left on base; So Cal 4 - Los Cabos 3
Monday, December 5th, 2016 - OOTP Baseball 17.12 Build 75